 Dungeon Crawl Stone Soup version 0.29-a0-221-gceb61267dd (webtiles) character file.

Game seed: 5436345261674816377

58 enile the Slasher (level 3, -1/19 (29) HPs)
             Began as a Demonspawn Gladiator on Feb 27, 2022.
             Slain by an orc
             ... wielding a +0 trident
              (5 damage)
             ... on level 3 of the Dungeon.
             The game lasted 00:04:16 (3648 turns).

enile the Slasher (Demonspawn Gladiator)            Turns: 3648, Time: 00:04:16

HP:   -1/19 (29)    AC:  6    Str: 16    XL:     3   Next: 76%
MP:   4/4           EV: 12    Int: 12    God:
Gold: 88            SH:  0    Dex: 14    Spells: 2/4 levels left

rFire   . . .      SeeInvis .   f - +1 dagger (drain)
rCold   . . .      Faith    .   (no shield)
rNeg    . . .      Spirit   .   b - +0 leather armour
rPois   .          Reflect  .   o - +2 helmet {Int+3}
rElec   .          Harm     .   (no cloak)
rCorr   .          Rampage  .   (no gloves)
Will    .....                   (no boots)
Stlth   +.........              (no amulet)
HPRegen 0.06/turn               (no ring)
MPRegen 0.09/turn               (no ring)

@: very heavily drained
A: claws 1
a: no special abilities


You were on level 3 of the Dungeon.
You visited 1 branch of the dungeon, and saw 3 of its levels.

You collected 88 gold pieces.

Inventory:

Hand Weapons
 a - a +0 long sword
 f - a +1 dagger of draining (weapon)
 j - a +1 dagger of draining
Missiles
 k - 5 poisoned darts
 q - 2 datura-tipped darts (quivered)
Armour
 b - a +0 leather armour (worn)
 c - a +0 helmet
 o - a +2 helmet of intelligence (worn)
Scrolls
 e - 2 scrolls of teleportation {unknown}
 g - a scroll of amnesia
 h - 2 scrolls of identify {unknown}
 l - a scroll of enchant weapon {unknown}
 m - a scroll of blinking {unknown}
 n - 2 scrolls of silence {unknown}
 p - 2 scrolls of magic mapping {unknown}
Potions
 i - 3 potions of curing {unknown}
 r - a potion of degeneration {unknown}


   Skills:
 + Level 3.0 Fighting
 - Level 3.0 Long Blades
 - Level 2.1 Throwing
 - Level 3.0 Dodging
 - Level 1.0 Spellcasting


You had 2 spell levels left.
You knew the following spells:

 Your Spells              Type           Power      Damage    Failure   Level
a - Blink                 Tloc           0%         N/A       50%         2

Your spell library contained the following spells:

 Spells                   Type           Power      Damage    Failure   Level
 Lesser Beckoning         Tloc           0%         N/A       73%         3
 Manifold Assault         Tloc           0%         N/A       100%        5


Dungeon Overview and Level Annotations

Branches:
Dungeon (3/15)

Altars:
Cheibriados
Makhleb

Shops:
D:2 :


Innate Abilities, Weirdness & Mutations

You have sharp fingernails.


Message History

You hit the iron imp but do no damage. The iron imp hits you!
* * * LOW HITPOINT WARNING * * *
Found a spear.
An orc comes into view. It is wielding a +0 morningstar.
Found a flail.
The orc shouts!
You hear a shout!
You see here a +0 spear.
Found a silvery potion.
r - a silvery potion
There are no items here.
You hit the orc but do no damage. The orc hits you with a +0 morningstar.
* * * LOW HITPOINT WARNING * * *
You hit the orc but do no damage. The orc closely misses you.
Throw: throwing net
Press: ? - help, Q - select action, (/) - cycle Shift-Dir - straight line, f - orc
Aim: an orc, wielding a +0 morningstar and wearing a +0 scale mail (64% to hit)
You throw a throwing net. The throwing net hits the orc.
The orc is caught in the net!
The orc struggles against the net.
As you read the scroll labelled YRPHUT MULANU, it crumbles to dust.
It is a scroll of amnesia.
Okay, then.
The orc struggles against the net.
Throw: 3 darts (datura)
Press: ? - help, Q - select action, (/) - cycle Shift-Dir - straight line, f/p - orc
Aim: an orc, wielding a +0 morningstar and wearing a +0 scale mail (entangled in a net, 93% to hit, chance to frenzy on hit: 100%)
You throw a datura-tipped dart. The datura-tipped dart hits the orc.
The orc flies into a frenzy!
The orc struggles against the net.
Something hits the orc but does no damage.
The orc struggles against the net.
Something hits the orc but does no damage.
The orc struggles against the net.
The net rips apart, and the orc comes free!
The orc hits something with a +0 morningstar!
An orc comes into view. It is wielding a +0 trident.
The orc hits something but does no damage.
Something hits the orc but does no damage.
The orc hits you from afar with a +0 trident.
You die...

#.#.....#5....)..
#.#.###.#........
#.#.# #.#.######.
#...# #<#.#
#########.###
#..o5..# #o###..#
#......# #####@##
#..o...#
######...


You could see an iron imp, an orc and a neutral orc (fast, strong, insane).

Vanquished Creatures
  A dart slug (D:1)
  An orc (D:2)
  5 ball pythons
  8 endoplasms
  3 giant cockroaches
  3 goblins
  4 hobgoblins
  2 jackals (D:2)
  3 quokkas
  5 bats
  3 frilled lizards
  6 kobolds (D:1)
  4 rats
48 creatures vanquished.

Notes
Turn   | Place    | Note
-------+----------+-------------------------------------------
     0 | D:1      | enile the Demonspawn Gladiator began the quest for the Orb.
     0 | D:1      | Reached XP level 1. HP: 16/16 MP: 1/1
   396 | D:1      | Gained mutation: You have sharp fingernails. [demonic
                  | ancestry]
   396 | D:1      | Reached XP level 2. HP: 16/22 MP: 2/2
   490 | D:1      | Found a faded altar of an unknown god.
  1587 | D:1      | Reached XP level 3. HP: 8/15 MP: 3/3
  2106 | D:2      | Found a snail-covered altar of Cheibriados.
  2147 | D:2      | Learned a level 2 spell: Blink
  2753 | D:2      | Found Mize's Book Emporium.
  3397 | D:2      | Reached skill level 1 in Spellcasting
  3578 | D:3      | Found a burning altar of Makhleb.
  3648 | D:3      | Slain by an orc

Illustrated notes

Levels and vault maps discovered:
D:1:      dpeg_arrival_shrine, layout_rooms, ebering_ecumenical_altar_ruins
D:2:      layout_basic, serial_shops, nicolae_shop_statue_plus, basic_altar,
          minmay_misc_feat_chi, minmay_tetromino_t4
D:3:      layout_basic, nicolae_overflow_ecumenical_swirl, demons_altar,
          chequers_temple_overflow_statue_of_worship, uniq_ijyb, uniq_terence

Skill      XL: |  1  2  3 |
---------------+----------+-----
Throwing       | 2 |  2.1
Long Blades    | 3 |  3.0
Dodging        | 3 |  3.0
Fighting       | 3 |  3.0
Spellcasting   | 1 |  1.0

Action                   || total
-------------------------++-------
Melee: Long sword        ||    87
       Dagger            ||    65
Throw: Throwing net      ||     3
       Dart              ||     1
  Use: Scroll            ||     1
 Stab: Held in net/web   ||     1
       Sleeping          ||     1
Armor: Leather armour    ||    52
Dodge: Dodged            ||    84

Table legend: (Time is in decaauts)
 A = Elapsed time spent in this place.
 B = Non-inter-level travel time spent in this place.
 C = Inter-level travel time spent in this place.
 D = Time resting spent in this place.
 E = Time spent auto-exploring this place.
 F = Levels seen in this place.
 G = Mean time per level.
                   A        B        C        D        E       F      G
               +--------+--------+--------+--------+--------+-----+--------+
         Total |   3665 |   3527 |    138 |    300 |   2739 |   3 | 1221.7 |
       Dungeon |   3665 |   3527 |    138 |    300 |   2739 |   3 | 1221.7 |
               +--------+--------+--------+--------+--------+-----+--------+

Top non-repeatable levels by time:
     D:2: 1918 daAuts
     D:1: 1646 daAuts
     D:3: 100 daAuts
